[Event "42nd Olympiad Baku 2016 Open"]
[Site "Baku"]
[Date "2016.09.06"]
[Round "5.14"]
[White "Khusenkhojaev, Mustafokhuja"]
[Black "Nanjo, Ryosuke"]
[Result "0-1"]
[ECO "E61"]
[WhiteElo "2212"]
[BlackElo "2340"]
[Annotator ""]
[PlyCount "110"]
[EventDate "2016.??.??"]
[EventType "team-tourn"]
[EventCountry "AZE"]
[SourceTitle "playchess.com"]
[Source "ChessBase"]
[WhiteTeam "Tajikistan"]
[BlackTeam "Japan"]
[WhiteTeamCountry "TJK"]
[BlackTeamCountry "JPN"]
[TimeControl "40/5400+30:1800+30"]

1. d4 {(00:00)} Nf6 {(00:00)} 2. c4 {(00:00)} g6 {(
00:00)} 3. Nc3 {(00:00)} Bg7 {(00:00)} 4. Nf3 {(00:00)}
O-O {(00:00)} 5. g3 {(00:14)} c6 {(00:00)} 6. Bg2 {
(00:07)} d5 {(00:00)} 7. cxd5 {(00:28)} cxd5 {(00:
06)} 8. O-O {(00:45)} Nc6 {(02:34)} 9. Ne5 {(00:12)} Nd7 {
(06:40)} 10. Nf3 {(06:13)} Nb6 {(03:13)} 11. b3 {(
01:35)} Bg4 {(03:00)} 12. Be3 {(02:04)} Rc8 {(01:54)} 13.
Rc1 {(02:37)} Bxf3 {(11:38)} 14. exf3 {(05:19)} e6 {
(04:38)} 15. Qd2 {(01:38)} Qe7 {(01:26)} 16. Rfd1 {
(05:17)} Qb4 {(04:04)} 17. h4 {(14:40)} Ne7 {(15:
04)} 18. g4 {(03:02)} Rc6 {(07:14)} 19. Ne2 {(22:15)} Qxd2
{(03:12)} 20. Bxd2 {(00:16)} Rfc8 {(00:54)} 21. f4 {
(01:51)} f5 {(07:36)} 22. g5 {(05:11)} h5 {(02:58)}
23. Bf1 {(04:38)} Kf7 {(06:02)} 24. a4 {(04:47)} Rxc1 {
(04:24)} 25. Rxc1 {(00:34)} Rxc1 {(01:45)} 26. Bxc1 {
(00:05)} Nc6 {(00:45)} 27. Bb2 {(00:41)} Nc8 {(01:
08)} 28. f3 {(03:26)} Nb4 {(02:11)} 29. Nc1 {(01:44)} Nc2
{(02:08)} 30. Ne2 {(01:19)} Ne7 {(01:09)} 31. Kg2 {
(02:00)} Nc6 {(01:00)} 32. Kg3 {(01:03)} a6 {(02:
46)} 33. Bc3 {(00:27)} N2xd4 {(01:31)} 34. Nxd4 {(00:29)}
Bxd4 {(00:12)} 35. Bd2 {(00:20)} Bc5 {(00:28)} 36. Bd3 {
(00:27)} Ke7 {(00:40)} 37. Bc3 {(01:06)} Kd7 {(02:
03)} 38. Kg2 {(00:54)} Bb4 {(00:38)} 39. Bg7 {(00:28)} Bd2
{(00:42)} 40. Kg3 {(00:00)} Be1+ {(00:00)} 41. Kg2 {
(00:33)} Bd2 {(00:44)} 42. Kg3 {(00:04)} Nb4 {(04:
52)} 43. Bb1 {(00:03)} Kc6 {(05:43)} 44. Bf8 {(00:16)} Kb6
{(00:28)} 45. Bxb4 {(03:23)} Bxb4 {(00:06)} 46. Kf2 {
(00:22)} Kc5 {(00:29)} 47. Ke3 {(02:02)} Be1 {(00:
16)} 48. Bc2 {(00:23)} Bxh4 {(05:44)} 49. b4+ {(00:04)}
Kxb4 {(00:33)} 50. Kd4 {(00:04)} Bf2+ {(00:54)} 51. Ke5 {
(00:04)} Kc3 {(00:31)} 52. Bd1 {(02:56)} h4 {(00:
20)} 53. Be2 {(00:24)} h3 {(00:04)} 54. Bf1 {(00:18)} h2 {
(00:05)} 55. Bg2 {(00:04)} d4 {(00:14] Kxd4+} 0-1

[Event "42nd Olympiad Baku 2016 Open"]
[Site "Baku"]
[Date "2016.09.06"]
[Round "5.15"]
[White "Kim, Saebyeok"]
[Black "Cox, Valentine"]
[Result "1-0"]
[ECO "B90"]
[WhiteElo "1950"]
[BlackElo "1867"]
[Annotator ""]
[PlyCount "117"]
[EventDate "2016.??.??"]
[EventType "team-tourn"]
[EventCountry "AZE"]
[SourceTitle "playchess.com"]
[Source "ChessBase"]
[WhiteTeam "Korea"]
[BlackTeam "Bahamas"]
[WhiteTeamCountry "KOR"]
[BlackTeamCountry "BAH"]
[TimeControl "40/5400+30:1800+30"]

1. e4 {(00:00)} c5 {(00:00)} 2. Nf3 {(00:00)} d6 {(
00:00)} 3. d4 {(00:00)} cxd4 {(00:02)} 4. Nxd4 {(00:00)}
Nf6 {(00:12)} 5. Nc3 {(00:00)} a6 {(00:11)} 6. Be3 {
(00:01)} e5 {(00:10)} 7. Nb3 {(00:06)} Be6 {(00:17]
} 8. f3 {(00:08)} Be7 {(00:18)} 9. Qd2 {(00:04)} O-O {
(03:08)} 10. O-O-O Nbd7 11. g4 {(01:30)} b5 {(01:24)} 12.
Rg1 {(08:31)} Nb6 {(02:26)} 13. Na5 {(05:12)} Qc7 {
(03:50)} 14. g5 {(00:51)} Nh5 {(00:32)} 15. Kb1 {(
05:06)} Rac8 {(06:23)} 16. Qf2 {(05:23)} Nd7 {(06:35)} 17.
Nb3 {(00:36)} Rb8 {(11:58)} 18. Nd5 {(20:38)} Bxd5 {
(01:49)} 19. exd5 {(00:24)} a5 {(06:26)} 20. Qd2 {(
06:00)} b4 {(01:00)} 21. Rg4 {(00:46)} a4 {(12:24)} 22.
Rc4 {(01:26)} Qd8 {(00:43)} 23. Nc1 {(01:02)} Nf4 {
(09:26)} 24. Bxf4 {(12:31)} exf4 25. Qxf4 {(01:07)} a3 {
(09:49)} 26. Rxb4 {(02:36)} axb2 {(01:16)} 27. Nb3 {
(05:32)} Ne5 {(05:36)} 28. Rxb8 {(03:50)} Qxb8 {(
00:10)} 29. Qe3 {(00:25)} Qa8 {(06:33)} 30. f4 {(00:17)}
Qa3 {(01:04)} 31. Qc3 {(01:25)} Ra8 {(02:21)} 32. Qxb2 {
(00:17)} Qxb2+ {(01:29)} 33. Kxb2 {(00:03)} Ng4 {(
00:34)} 34. Be2 {(03:24)} Nf2 {(03:31)} 35. Rd4 {(00:42)}
f5 {(00:47)} 36. a4 {(00:36)} Bd8 {(00:42)} 37. Bb5 {
(01:29)} Bb6 {(02:09)} 38. Rb4 {(00:42)} Be3 {(00:
52)} 39. Bc6 {(00:34)} Rd8 {(00:52)} 40. a5 {(00:19)} Ne4
{(00:50)} 41. a6 {(00:21)} Rf8 {(00:00)} 42. c3 {(
01:53)} Nc5 {(13:18)} 43. Nxc5 {(00:12)} Bxc5 {(00:03)}
44. Rb5 {(00:54)} Ba7 {(00:22)} 45. Rb7 {(01:26)} Rb8 {
(00:15)} 46. Bd7 {(00:52)} Ra8 {(07:58)} 47. Bxf5 {
(01:19)} Be3 {(01:07)} 48. Bd3 {(00:04)} Kf8 {(02:
10)} 49. Kb3 {(00:36)} h6 {(02:21)} 50. g6 {(01:29)} Ra7 {
(02:24)} 51. Kb4 {(00:26)} Ke8 {(00:35)} 52. Kb5 {(
00:46)} Rxb7+ {(02:03)} 53. axb7 {(00:08)} Ba7 {(00:03)}
54. Kc6 {(00:10)} Bb8 {(00:16)} 55. f5 {(00:33)} Ke7 {
(01:35)} 56. c4 {(00:32)} Ke8 {(01:02)} 57. c5 {(
01:00)} dxc5 {(01:55)} 58. d6 {(00:04)} h5 {(02:25)} 59.
f6 {(00:13)} 1-0

[Event "42nd Olympiad Baku 2016 Open"]
[Site "Baku"]
[Date "2016.09.06"]
[Round "5.9"]
[White "Kirby, Peter J"]
[Black "Drayton, Anthony"]
[Result "0-1"]
[ECO "A15"]
[WhiteElo "2014"]
[BlackElo "1923"]
[Annotator ""]
[PlyCount "156"]
[EventDate "2016.??.??"]
[EventType "team-tourn"]
[EventCountry "AZE"]
[SourceTitle "playchess.com"]
[Source "ChessBase"]
[WhiteTeam "Channel Islands"]
[BlackTeam "Guyana"]
[WhiteTeamCountry "GCI"]
[BlackTeamCountry "GUY"]
[TimeControl "40/5400+30:1800+30"]

1. c4 {(00:00)} Nf6 {(00:00)} 2. g3 {(00:00)} e5 {(
00:00)} 3. Bg2 {(00:00)} d5 {(01:16)} 4. cxd5 {(00:04)}
Nxd5 {(00:08)} 5. Nc3 {(00:08)} Nb6 {(01:13)} 6. Nf3 {
(00:24)} Nc6 {(00:12)} 7. a3 {(01:50)} a5 {(00:22)}
8. O-O {(03:08)} Be7 {(00:09)} 9. d3 {(01:44)} O-O {
(04:52)} 10. Be3 {(00:41)} Be6 {(05:44)} 11. Rc1 {(
04:37)} f5 {(04:35)} 12. Na4 {(07:55)} e4 {(13:14)} 13.
Ne1 {(01:06)} Nd5 {(01:07)} 14. Bc5 {(02:34)} e3 {(
00:10)} 15. f4 {(04:35)} Rf6 {(25:15)} 16. Nf3 {(05:06)}
Rh6 {(01:06)} 17. Bxe7 {(04:45)} Ndxe7 {(02:46)} 18. Nc5 {
(01:46)} Bd5 {(00:14)} 19. Nh4 {(11:17)} Bxg2 {(00:
50)} 20. Nxg2 {(01:10)} b6 {(00:57)} 21. Qb3+ {(04:44)}
Qd5 {(00:23)} 22. Nxe3 {(04:52)} Qxb3 {(00:21)} 23. Nxb3 {
(00:01)} Re6 {(00:19)} 24. Kf2 {(01:17)} a4 {(00:
19)} 25. Nd2 {(01:05)} Re8 {(00:22)} 26. Rfe1 {(04:09)}
Nd4 {(01:47)} 27. Nec4 {(09:12)} c5 {(01:30)} 28. Ne5 {
(01:11)} Ng6 {(00:30)} 29. Ndf3 {(03:13)} Nxe5 {(
07:54)} 30. Nxe5 {(00:03)} g6 {(01:10)} 31. e4 {(02:45)}
Nb3 {(02:58)} 32. Rcd1 {(00:29)} Rd8 {(00:29)} 33. Re3 {
(05:03)} fxe4 {(00:59)} 34. Rxe4 {(00:50)} b5 {(00:
25)} 35. Rde1 {(00:39)} Red6 {(00:41)} 36. R4e3 {(03:27)}
Nd4 {(01:14)} 37. Rc1 {(00:51)} Nb3 {(01:06)} 38. Rce1 {
(00:01)} Kg7 {(01:22)} 39. h3 {(00:57)} Kf6 {(00:
25)} 40. Ng4+ {(00:00)} Kg7 {(00:00)} 41. Re7+ {(03:09)}
Kf8 {(02:37)} 42. Rxh7 {(04:22)} Rxd3 {(02:58)} 43. Rh8+ {
(00:41)} Kg7 {(00:46)} 44. Rxd8 {(00:10)} Rxd8 {(
00:09)} 45. Re7+ {(02:22)} Kf8 {(00:09)} 46. Re2 {(00:22)}
Rd1 {(01:12)} 47. Ne5 {(02:26)} Nd4 {(00:25)} 48. Nd7+ {
(02:21)} Kf7 {(00:39)} 49. Re5 {(02:49)} Rd2+ {(01:
04)} 50. Kf1 {(00:01)} Nf5 {(01:25)} 51. Rxc5 {(01:42)}
Nxg3+ {(00:18)} 52. Ke1 {(00:08)} Rxd7 {(02:06)} 53. Rxb5
{(00:02)} Rd4 {(00:18)} 54. Kf2 {(02:27)} Nf5 {(00:
04)} 55. Rb4 {(03:31)} Ke6 {(00:50)} 56. Rb6+ {(00:55)}
Nd6 {(00:44)} 57. Kf3 {(02:15)} Kf5 {(00:46)} 58. Rb4 {
(00:54)} Rc4 {(01:58)} 59. Rb6 {(01:11)} Rxf4+ {(
00:16)} 60. Kg2 {(01:01)} Rd4 {(00:40)} 61. b3 {(00:38)}
Rd2+ {(04:35)} 62. Kg1 {(00:15)} axb3 {(01:31)} 63. Rxb3 {
(00:04)} Ra2 {(00:11)} 64. Rf3+ {(00:57)} Kg5 {(00:
35)} 65. h4+ {(05:09)} Kh5 {(01:06)} 66. Rg3 {(01:16)} Nf5
{(01:12)} 67. Rg5+ {(00:57)} Kh6 {(00:02)} 68. Rg4 {
(01:25)} Rxa3 {(00:23)} 69. Kh2 {(00:46)} Rd3 {(01:
10)} 70. Ra4 {(00:45)} Rd4 {(00:17)} 71. Ra5 {(01:27)}
Rxh4+ {(00:09)} 72. Kg2 {(00:09)} Kg5 {(00:50)} 73. Rb5 {
(00:20)} Rc4 {(00:17)} 74. Ra5 {(00:14)} Kg4 {(00:
24)} 75. Ra2 {(00:29)} g5 {(00:14)} 76. Rb2 {(00:25)} Ne3+
{(00:15)} 77. Kg1 {(00:31)} Rc1+ {(01:04)} 78. Kh2 {
(00:20)} Rc2+ {(00:17)} 0-1

[Event "42nd Olympiad Baku 2016 Open"]
[Site "Baku"]
[Date "2016.09.06"]
[Round "5.9"]
[White "Klaas Tokelo"]
[Black "Mannhart, Marcel"]
[Result "1/2-1/2"]
[ECO "A40"]
[WhiteElo "1663"]
[BlackElo "2128"]
[Annotator ""]
[PlyCount "140"]
[EventDate "2016.??.??"]
[EventType "team-tourn"]
[EventCountry "AZE"]
[SourceTitle "playchess.com"]
[Source "ChessBase"]
[WhiteTeam "Lesotho"]
[BlackTeam "Liechtenstein"]
[WhiteTeamCountry "LES"]
[BlackTeamCountry "LIE"]
[TimeControl "40/5400+30:1800+30"]

1. d4 {(00:00)} g6 {(00:00)} 2. c4 {(00:24)} Bg7 {(
00:11)} 3. Nf3 {(01:48)} d6 {(00:22)} 4. Nc3 {(00:38)} Nd7
{(00:59)} 5. e4 {(00:32)} e5 {(00:52)} 6. Be3 {(05:
22)} Ngf6 {(04:57)} 7. dxe5 {(02:45)} dxe5 {(05:54)} 8. h3
{(01:03)} c6 {(00:29)} 9. Be2 {(00:39)} O-O {(04:
21)} 10. O-O {(00:18)} Qc7 {(00:23)} 11. Qc2 {(00:48)} Re8
{(00:18)} 12. Rfd1 {(00:37)} Nf8 {(00:30)} 13. Rd2 {
(03:22)} h6 {(04:52)} 14. Bc5 {(05:03)} Re6 {(06:
16)} 15. Rad1 {(01:29)} Ne8 {(01:39)} 16. b4 {(07:53)} Nd7
{(07:20)} 17. Be3 {(03:07)} Kh7 {(00:17)} 18. c5 {(
02:53)} Nf8 {(01:07)} 19. a4 {(04:02)} Re7 {(00:59)} 20.
b5 {(08:18)} Rd7 {(03:55)} 21. Bc4 {(08:47)} Rxd2 {
(03:59)} 22. Qxd2 {(06:43)} Ne6 {(01:44)} 23. Kh1 {
(06:33)} Qe7 {(02:35)} 24. Bxe6 {(02:37)} Bxe6 {(
00:24)} 25. Ne1 {(05:10)} g5 {(05:24)} 26. f3 {(04:24)}
Bf6 {(01:53)} 27. g4 {(02:03)} Rd8 {(04:34)} 28. Qxd8 {
(03:18)} Qxd8 {(00:12)} 29. Rxd8 {(00:06)} Bxd8 {(
00:06)} 30. bxc6 {(04:12)} bxc6 {(00:20)} 31. Nd3 {(00:45]
} f6 {(05:57)} 32. Kg1 {(02:21)} Ng7 {(09:05)} 33. Kf2 {
(00:22)} Ba5 {(03:50)} 34. Nd1 {(00:48)} Bc4 {(01:
34)} 35. N1b2 {(00:20)} Ba6 {(00:44)} 36. Ke2 {(01:45)}
Ne6 {(00:11)} 37. Kd1 {(00:30)} Nf8 {(02:26)} 38. Kc2 {
(00:31)} Ng6 {(00:07)} 39. Bf2 {(00:36)} Kg7 {(14:
43)} 40. Bg3 {(00:00)} Nf8 {(00:00)} 41. Bf2 {(00:48)} Ne6
{(01:38)} 42. Be3 {(00:29)} Kf7 {(03:03)} 43. Nd1 {
(09:55)} Nf8 {(02:02)} 44. N1b2 {(00:29)} Ng6 {(00:
16)} 45. Bf2 {(01:56)} Ke7 {(03:37)} 46. Bg3 {(00:46)} Nf8
{(03:33)} 47. Bf2 {(00:16)} Ne6 {(01:23)} 48. Be3 {
(00:34)} Kf7 {(00:13)} 49. Bf2 {(02:31)} Kg6 {(00:
50)} 50. Kb3 {(02:19)} Nf4 {(00:20)} 51. Nxf4+ {(00:47)}
gxf4 {(00:14)} 52. Nc4 {(01:21)} Bc7 {(03:25)} 53. Bh4 {
(01:52)} Bd8 {(06:41)} 54. Be1 {(00:57)} Kf7 {(00:
53)} 55. Bc3 {(02:50)} Be7 {(01:29)} 56. Kb4 {(00:13)} Ke6
{(00:42)} 57. Bb2 {(01:33)} Bd8 {(03:03)} 58. Kb3 {
(00:23)} Bc7 {(00:25)} 59. Bc3 {(01:04)} Ke7 {(00:
18)} 60. Be1 {(00:38)} Bc8 {(00:20)} 61. Kc3 {(00:56)} Be6
{(02:58)} 62. Kd3 {(01:46)} Kd7 {(00:04)} 63. Kc3 {
(03:09)} Bd8 {(00:15)} 64. Kd3 {(01:02)} Be7 {(00:
20)} 65. Bf2 {(01:11)} Kc7 {(00:32)} 66. Kc3 {(00:55)} Kb7
{(02:07)} 67. Na5+ {(02:06)} Kc7 {(00:16)} 68. Nc4 {
(00:35)} Kb7 {(00:59)} 69. Na5+ {(00:38)} Kc7 {(00:
09)} 70. Nc4 {(00:08)} Kb7 {(00:36)} 1/2-1/2

[Event "42nd Olympiad Baku 2016 Open"]
[Site "Baku"]
[Date "2016.09.06"]
[Round "5.16"]
[White "Klasan, Vladimir"]
[Black "Chumfwa, Kelvin"]
[Result "1/2-1/2"]
[ECO "B51"]
[WhiteElo "2401"]
[BlackElo "2240"]
[Annotator ""]
[PlyCount "79"]
[EventDate "2016.??.??"]
[EventType "team-tourn"]
[EventCountry "AZE"]
[SourceTitle "playchess.com"]
[Source "ChessBase"]
[WhiteTeam "ICCD"]
[BlackTeam "ZAM"]
[WhiteTeamCountry "SRB"]
[BlackTeamCountry "ZAM"]
[TimeControl "40/5400+30:1800+30"]

1. e4 {(00:00)} c5 {(00:16)} 2. Nf3 {(00:42)} d6 {(
01:28)} 3. d4 {(00:51)} cxd4 {(01:47)} 4. Qxd4 {(00:07)}
Nc6 {(00:19)} 5. Bb5 {(01:38)} a6 {(00:22)} 6. Bxc6+ {
(01:18)} bxc6 {(00:23)} 7. O-O {(11:16)} e5 {(05:
54)} 8. Qd3 {(00:28)} Be7 {(07:14)} 9. Rd1 {(02:17)} h6 {
(12:54)} 10. b3 {(10:42)} Nf6 {(01:20)} 11. Ba3 {(
04:17)} c5 {(00:46)} 12. c4 {(10:21)} Bb7 {(03:49)} 13.
Nc3 {(00:14)} Qa5 {(02:42)} 14. Bb2 {(03:22)} O-O {
(08:34)} 15. Nd2 {(06:29)} Qc7 {(11:22)} 16. Nf1 {(
00:56)} Rfd8 {(07:00)} 17. Qf3 {(06:07)} Qc8 {(06:04)} 18.
Ne3 {(00:37)} Qe6 {(02:02)} 19. Rd2 {(01:45)} Bf8 {
(02:00)} 20. Rad1 {(01:09)} g6 {(01:32)} 21. Ncd5 {
(02:07)} Bxd5 {(02:02)} 22. Nxd5 {(01:04)} Nxd5 {(
00:17)} 23. Rxd5 {(00:07)} Rdb8 {(00:25)} 24. Qc3 {(03:47]
} a5 {(09:09)} 25. f4 {(00:06)} a4 {(04:18)} 26. fxe5 {
(07:30)} dxe5 {(00:15)} 27. Qg3 {(01:22)} axb3 {(
02:07)} 28. axb3 {(00:08)} Bg7 {(05:21)} 29. Bxe5 {(03:41]
} Bxe5 {(00:07)} 30. Rxe5 {(00:02)} Rxb3 {(00:58)} 31.
Rxe6 {(07:02)} Rxg3 {(00:04)} 32. Re7 {(09:18)} Rc3 {
(01:15)} 33. Rf1 {(02:24)} Rf8 {(00:35)} 34. e5 {(
01:03)} Rxc4 {(00:40)} 35. Rf6 {(00:33)} Re4 {(00:51)} 36.
e6 {(01:37)} Rxe6 {(00:18)} 37. Rexe6 {(00:12)} fxe6 {
(00:11)} 38. Rxg6+ {(00:06)} Kf7 {(00:32)} 39. Rxh6 {
(00:05)} c4 {(00:23)} 40. Rh7+ {(00:00)} 1/2-1/2

[Event "42nd Olympiad Baku 2016 Open"]
[Site "Baku"]
[Date "2016.09.06"]
[Round "5.14"]
[White "Knowles, Kendrick"]
[Black "Kim, Inguh"]
[Result "1-0"]
[ECO "D34"]
[WhiteElo "1825"]
[BlackElo "1918"]
[Annotator ""]
[PlyCount "132"]
[EventDate "2016.??.??"]
[EventType "team-tourn"]
[EventCountry "AZE"]
[SourceTitle "playchess.com"]
[Source "ChessBase"]
[WhiteTeam "Bahamas"]
[BlackTeam "Korea"]
[WhiteTeamCountry "BAH"]
[BlackTeamCountry "KOR"]
[TimeControl "40/5400+30:1800+30"]

1. d4 {(00:00)} d5 {(00:00)} 2. c4 {(00:00)} e6 {(
00:00)} 3. Nc3 {(00:03)} c5 {(00:00)} 4. cxd5 {(00:13)}
exd5 {(00:00)} 5. Nf3 {(00:12)} Nc6 {(00:00)} 6. g3 {
(00:18)} Nf6 {(00:00)} 7. Bg2 {(00:08)} Be7 {(00:
00)} 8. O-O {(00:10)} O-O {(00:01)} 9. Bg5 {(02:11)} c4 {
(00:11)} 10. Ne5 {(02:52)} Be6 {(00:04)} 11. Rc1 {(
03:12)} h6 {(01:11)} 12. Nxc6 {(02:22)} bxc6 {(01:30)} 13.
Bxf6 {(01:00)} Bxf6 {(00:35)} 14. e3 {(00:13)} Qa5 {
(02:15)} 15. b3 {(01:10)} Rac8 {(02:04)} 16. bxc4 {
(00:32)} dxc4 {(00:03)} 17. Ne4 {(02:29)} Be7 {(01:
25)} 18. Qc2 {(00:55)} Rfd8 {(11:41)} 19. Rfd1 {(09:35)}
Qa6 {(10:36)} 20. Rb1 {(09:44)} Rb8 {(07:17)} 21. Nc3 {
(00:39)} Bb4 {(04:58)} 22. d5 {(06:53)} cxd5 {(12:
35)} 23. Nxd5 {(00:21)} Bd6 {(02:27)} 24. Rxb8 {(06:46)}
Rxb8 {(00:34)} 25. Rd4 {(00:15)} Rc8 {(03:56)} 26. Be4 {
(03:45)} Kh8 {(06:23)} 27. Rd1 {(00:46)} Qa5 {(03:
13)} 28. Bf5 {(07:03)} Rc6 {(09:06)} 29. Bxe6 {(00:22)}
fxe6 {(00:02)} 30. Qg6 {(00:58)} Qd8 {(10:37)} 31. Qxe6 {
(00:43)} Qc8 {(00:28)} 32. Qe4 {(01:49)} a5 {(04:
25)} 33. Nc3 {(03:20)} Bb4 {(00:33)} 34. Rc1 {(01:59)} Qe6
{(02:06)} 35. Qc2 {(04:09)} Rd6 {(02:16)} 36. Ne4 {
(02:04)} Rc6 {(00:18)} 37. Rd1 {(00:27)} Qe7 {(01:
01)} 38. Rd4 {(00:35)} c3 {(00:48)} 39. Qd3 {(01:22)} Rc8
{(01:11)} 40. Rc4 {(00:00)} Rd8 {(00:00)} 41. Qc2 {
(01:24)} Qe6 {(10:48)} 42. Rc7 {(00:53)} Qe5 {(04:
43)} 43. Ra7 {(03:15)} Qd5 {(01:42)} 44. Rc7 {(03:59)}
Qd1+ {(02:50)} 45. Qxd1 {(00:20)} Rxd1+ {(00:02)} 46. Kg2
{(00:08)} Ra1 {(01:02)} 47. Nxc3 {(00:28)} Bxc3 {(
00:04)} 48. Rxc3 {(00:07)} Rxa2 {(00:01)} 49. Rc7 {(00:25]
} Kh7 {(01:03)} 50. Kf3 {(00:18)} Kg6 {(02:15)} 51. h4 {
(00:32)} h5 {(00:20)} 52. e4 {(00:26)} a4 {(01:02)}
53. Ra7 {(00:30)} Kf6 {(00:19)} 54. Ke3 {(00:15)} a3 {
(00:54)} 55. Ra5 {(00:48)} Ra1 {(00:40)} 56. f4 {(
00:13)} a2 {(00:18)} 57. Kd2 {(01:17)} Rh1 {(00:10)} 58.
Ra6+ {(00:19)} Kf7 {(00:10)} 59. Kd3 {(00:07)} a1=Q {
(00:11)} 60. Rxa1 {(00:01)} Rxa1 {(00:08)} 61. Kd4 {
(00:33)} Ra3 {(00:10)} 62. Ke5 {(00:06)} Rxg3 {(00:
11)} 63. Kf5 {(00:09)} g6+ {(00:11)} 64. Ke5 {(00:09)} Rg4
{(00:05)} 65. f5 {(00:04)} Rxh4 {(00:10)} 66. fxg6+ {
(00:21)} Kxg6 {(00:05)} 1-0

[Event "42nd Olympiad Baku 2016 Open"]
[Site "Baku"]
[Date "2016.09.06"]
[Round "5.13"]
[White "Kojima, Shinya"]
[Black "Amonatov, Farrukh"]
[Result "0-1"]
[ECO "E68"]
[WhiteElo "2398"]
[BlackElo "2610"]
[Annotator ""]
[PlyCount "76"]
[EventDate "2016.??.??"]
[EventType "team-tourn"]
[EventCountry "AZE"]
[SourceTitle "playchess.com"]
[Source "ChessBase"]
[WhiteTeam "Japan"]
[BlackTeam "Tajikistan"]
[WhiteTeamCountry "JPN"]
[BlackTeamCountry "TJK"]
[TimeControl "40/5400+30:1800+30"]

1. Nf3 {(00:00)} Nf6 {(00:00)} 2. c4 {(00:00)} g6 {
(00:00)} 3. d4 {(00:00)} Bg7 {(00:00)} 4. g3 {(00:
00)} O-O {(00:00)} 5. Bg2 {(00:03)} d6 {(00:00)} 6. O-O {
(00:17)} Nbd7 {(00:00)} 7. Nc3 {(00:17)} e5 {(00:
01)} 8. e4 {(00:09)} a6 {(00:07)} 9. Qc2 {(03:32)} exd4 {
(04:45)} 10. Nxd4 {(00:16)} Ne5 {(00:05)} 11. b3 {(
04:32)} Bd7 {(00:18)} 12. a4 {(14:39)} Nc6 {(08:53)} 13.
Nxc6 {(03:47)} bxc6 {(06:51)} 14. h3 {(02:28)} Rb8 {
(00:35)} 15. Be3 {(01:41)} Re8 {(01:04)} 16. Rfd1 {
(02:22)} Qc8 {(02:11)} 17. Kh2 {(04:58)} h5 {(03:
52)} 18. Rab1 {(03:53)} h4 {(19:40)} 19. gxh4 {(04:28)}
Nh5 {(03:52)} 20. Ne2 {(03:57)} Be5+ {(09:11)} 21. f4 {
(05:18)} Bf6 {(00:08)} 22. Rg1 {(05:32)} Bxh4 {(00:
49)} 23. Bf3 {(02:36)} Ng7 {(01:01)} 24. Bd4 {(08:17)} d5
{(05:37)} 25. f5 {(07:40)} dxe4 {(01:45)} 26. fxg6 {
(01:28)} f6 {(04:40)} 27. Bxe4 {(04:40)} Bf5 {(02:
27)} 28. Nc3 {(04:06)} Rxe4 {(13:28)} 29. Nxe4 {(00:11)}
Qe6 {(00:04)} 30. Rg4 {(05:24)} Bxg4 {(00:40)} 31. hxg4 {
(00:16)} Re8 {(01:23)} 32. Bf2 {(02:34)} Qxg4 {(00:
57)} 33. Re1 {(01:18)} Nh5 {(04:38)} 34. Qd2 {(04:24)}
Rxe4 {(03:28)} 35. Qd8+ {(00:43)} Kg7 {(00:05)} 36. Qxc7+
{(00:37)} Kh6 {(04:25)} 37. Qh7+ {(01:35)} Kg5 {(
00:02)} 38. g7 {(00:31)} Qf4+ {(00:25)} 0-1

[Event "42nd Olympiad Baku 2016 Open"]
[Site "Baku"]
[Date "2016.09.06"]
[Round "5.29"]
[White "Kongsee, Uaychai"]
[Black "Cu Hor, Winston Darwin"]
[Result "1/2-1/2"]
[ECO "A02"]
[WhiteElo "2285"]
[BlackElo "2318"]
[Annotator ""]
[PlyCount "93"]
[EventDate "2016.??.??"]
[EventType "team-tourn"]
[EventCountry "AZE"]
[SourceTitle "playchess.com"]
[Source "ChessBase"]
[WhiteTeam "Thailand"]
[BlackTeam "Guatemala"]
[WhiteTeamCountry "THA"]
[BlackTeamCountry "GUA"]
[TimeControl "40/5400+30:1800+30"]

1. f4 {(00:00)} Nf6 {(00:36)} 2. Nf3 {(00:00)} g6 {
(00:06)} 3. g3 {(00:00)} Bg7 {(00:02)} 4. Bg2 {(00:
00)} O-O {(00:05)} 5. O-O {(00:00)} d6 {(00:09)} 6. d3 {
(01:33)} c5 {(00:19)} 7. e4 {(00:27)} Nc6 {(00:04)}
8. Nc3 {(00:52)} Rb8 {(00:20)} 9. h3 {(00:43)} b5 {
(00:29)} 10. g4 {(00:19)} b4 {(00:50)} 11. Ne2 {(
00:47)} a5 {(02:28)} 12. Be3 {(12:13)} a4 {(02:22)} 13.
Qd2 {(04:11)} Nd7 {(01:21)} 14. Rab1 {(01:40)} Ba6 {
(04:44)} 15. b3 {(04:05)} Qb6 {(00:59)} 16. f5 {(
05:10)} Rbc8 {(02:37)} 17. Nf4 {(01:12)} axb3 {(03:11)}
18. axb3 {(00:28)} Bb7 {(04:56)} 19. Nd5 {(02:47)} Qa5 {
(01:46)} 20. Bh6 {(00:31)} e6 {(08:23)} 21. Bxg7 {(
00:25)} Kxg7 {(00:23)} 22. Nf4 {(18:25)} Rce8 {(11:45)}
23. h4 {(07:30)} Nce5 {(01:37)} 24. h5 {(02:32)} gxf5 {
(16:40)} 25. gxf5 {(01:32)} Qd8 {(00:48)} 26. Bh3 {
(09:33)} Kh8 {(02:44)} 27. fxe6 {(10:13)} fxe6 {(
02:18)} 28. Kh2 {(01:57)} Nxf3+ {(04:36)} 29. Rxf3 {(00:
07)} Ne5 {(00:24)} 30. Rg3 {(01:48)} Qh4 {(05:05)} 31.
Ng6+ {(01:10)} Nxg6 {(01:34)} 32. hxg6 {(00:05)} hxg6 {
(00:34)} 33. Rbg1 {(01:27)} Rf6 {(01:24)} 34. R1g2 {
(00:25)} Ref8 {(01:02)} 35. Rg4 {(00:46)} Qh5 {(01:
17)} 36. Rg5 {(03:22)} Qh6 {(02:04)} 37. Qe1 {(04:48)} Rf3
{(01:51)} 38. R2g3 {(00:12)} Rf1 {(04:04)} 39. Rxg6 {
(03:40)} R8f2+ {(00:12)} 40. Qxf2 {(00:00)} Rxf2+ {
(00:00)} 41. Kg1 {(00:08)} Qd2 {(17:03)} 42. Rg8+ {
(03:28)} Kh7 {(00:10)} 43. R8g7+ {(05:33)} Kh8 {(
06:34)} 44. Rg8+ {(00:11)} Kh7 {(01:42)} 45. R8g7+ {(00:
07)} Kh8 {(01:04)} 46. Rg8+ {(00:08)} Kh7 {(00:07)} 47.
R8g7+ {(00:03)} 1/2-1/2

[Event "42nd Olympiad Baku 2016 Open"]
[Site "Baku"]
[Date "2016.09.06"]
[Round "5.6"]
[White "Kovalev, Vladislav"]
[Black "L'Ami, Erwin"]
[Result "1/2-1/2"]
[ECO "A45"]
[WhiteElo "2599"]
[BlackElo "2611"]
[Annotator ""]
[PlyCount "35"]
[EventDate "2016.??.??"]
[EventType "team-tourn"]
[EventCountry "AZE"]
[SourceTitle "playchess.com"]
[Source "ChessBase"]
[WhiteTeam "Belarus"]
[BlackTeam "Netherlands"]
[WhiteTeamCountry "BLR"]
[BlackTeamCountry "NED"]
[TimeControl "40/5400+30:1800+30"]

1. d4 {(00:00)} Nf6 {(00:00)} 2. Nc3 {(01:43)} d5 {
(00:01)} 3. Bf4 {(00:03)} c5 {(00:31)} 4. e3 {(00:
17)} cxd4 {(00:10)} 5. exd4 {(00:15)} a6 {(00:08)} 6. Nf3
{(00:12)} Nc6 {(00:09)} 7. Ne5 {(00:30)} Bd7 {(01:
42)} 8. Be2 {(11:20)} e6 {(00:48)} 9. O-O {(06:42)} Qb6 {
(05:25)} 10. Nxc6 {(02:43)} Bxc6 {(00:16)} 11. Rb1 {
(06:01)} Be7 {(01:08)} 12. Bf3 {(10:22)} O-O {(01:
34)} 13. Ne2 {(00:30)} Rfc8 {(03:02)} 14. Re1 {(04:03)}
Ba4 {(10:39)} 15. Nc3 {(09:28)} Bc6 16. Ne2 Ba4 17. Nc3 Bc6 18.
Ne2 1/2-1/2